 Dungeon Crawl Stone Soup version 0.16.1-18-g436b03c (webtiles) character file.

203 lorenzova the Vexing (level 5, -9/24 HPs)
             Began as a Spriggan Enchanter on May 4, 2015.
             Was an Initiate of Dithmenos.
             Mangled by an orc
             ... wielding a +0 trident
              (10 damage)
             ... on level 4 of the Dungeon.
             The game lasted 00:06:26 (4277 turns).

lorenzova the Vexing (Spriggan Enchanter)           Turns: 4277, Time: 00:06:26

Health: -9/24      AC:  3    Str:  5    XL:     5   Next: 51%
Magic:  9/19       EV: 18    Int: 17    God:    Dithmenos [......]
Gold:   161        SH:  0    Dex: 16    Spells: 3 memorised, 8 levels left

rFire  . . .     SeeInvis +     a - +1 dagger
rCold  . . .     Clarity  .     b - +1 robe
rNeg   . . .     SustAb   .     (shield restricted)
rPois  .         Gourm    .     (helmet restricted)
rElec  .         Spirit   .     (no cloak)
rCorr  .         Warding  .     (gloves unavailable)
rMut   +         Stasis   .     (boots unavailable)
MR     .....                    g - amulet of resist mutation
Stlth  +++.......               (no ring)
                                (no ring)

@: very slightly contaminated, very quick, not resistant to hostile
enchantments, fairly stealthy
A: unfitting armour, see invisible, herbivore 3, speed 3, slow metabolism 2
a: Renounce Religion


You were on level 4 of the Dungeon.
You worshipped Dithmenos.
Dithmenos was noncommittal.
You were not hungry.

You visited 1 branch of the dungeon, and saw 4 of its levels.

You collected 161 gold pieces.

Inventory:

Hand weapons
 a - a +1 dagger (weapon)
Missiles
 f - 5 stones (quivered)
Armour
 b - a +1 robe (worn)
Jewellery
 g - an amulet of resist mutation (around neck)
Scrolls
 e - 4 scrolls of fog {unknown}
 h - 2 scrolls of teleportation {unknown}
 j - 2 scrolls of random uselessness {unknown}
 m - 3 scrolls of identify {unknown}
 q - a scroll of remove curse {unknown}
Potions
 i - 2 potions of cancellation {unknown}
 k - a potion of resistance {unknown}
 l - a potion of brilliance {unknown}
 n - a potion of curing {unknown}
 o - a potion of magic {unknown}
 p - a potion of ambrosia {unknown}
Books
 c - a book of Maledictions

   Spells                             Type                      Level
   a - Corona                         Hexes                        1
   b - Sure Blade                     Hexes/Charms                 2
   c - Ensorcelled Hibernation        Hexes/Ice                    2
   d - Confuse                        Hexes                        3
   e - Dazzling Spray                 Conjuration/Hexes            3
   f - Enslavement                    Hexes                        4
 r - a book of Clouds

   Spells                             Type                      Level
   a - Mephitic Cloud                 Conjuration/Poison/Air       3
   b - Conjure Flame                  Conjuration/Fire             3
   c - Poisonous Cloud                Conjuration/Poison/Air       6
   d - Freezing Cloud                 Conjuration/Ice/Air          6
   e - Ring of Flames                 Charms/Fire                  7
Comestibles
 d - a bread ration


   Skills:
 - Level 1.1 Short Blades
 - Level 3.0 Dodging
 - Level 4.4 Stealth
 + Level 5.4 Spellcasting
 + Level 5.9 Hexes


You had 8 spell levels left.
You knew the following spells:

 Your Spells              Type           Power        Failure   Level  Hunger
a - Corona                Hex            ###....      1%          1    None
b - Ensorcelled Hibernat  Hex/Ice        ##....       10%         2    #......
c - Confuse               Hex            ###.....     4%          3    ##.....


Dungeon Overview and Level Annotations

Branches:
Dungeon (4/15)
 Temple: D:4-7

Altars:
Dithmenos
Elyvilon
Gozag
Kikubaaqudgha


Innate Abilities, Weirdness & Mutations

You are tiny and cannot use many weapons and most armour.
You have supernaturally acute eyesight.
You are a herbivore.
You cover ground extremely quickly.
You need consume almost no food.


Message History

The orc hits you with a trident.
You hear a shout!
You see here a short sword.
Casting: Ensorcelled Hibernation
Confirm with . or Enter, or press ? or * to list all spells.
Aiming: Ensorcelled Hibernation
Press: ? - help, Shift-Dir - straight line, f/p - orc
Aim: an orc, wielding a trident and wearing a leather armour (chance 62%)
The orc is unaffected.
Casting: Ensorcelled Hibernation
Confirm with . or Enter, or press ? or * to list all spells.
Aiming: Confuse
Press: ? - help, Shift-Dir - straight line, f - orc priest, p - orc
Aim: an orc priest, wielding a club (chance 53%)
The orc priest resists with significant effort.
The orc priest mumbles some strange prayers to Beogh against you.
Pain shoots through your body!
* * * LOW HITPOINT WARNING * * *
The orc hits you with a trident!
You die...

# ### #.#..
#.#.### .....
###.### #o@...#
#.#.#.# #o#.#.#
..#.#.#
####.#.# #.#.#
###############
#.###
..............#
#.#
#############.#
#.#


You could see an orc priest and an orc.

Vanquished Creatures
  Robin (D:3)
  4 adders
  7 gnolls (D:3)
  2 worms
  2 giant geckos (D:1)
  4 orcs (D:4)
  A ball python (D:1)
  4 giant cockroaches
  16 goblins
  10 hobgoblins
  2 jackals
  11 bats
  3 giant newts
  8 kobolds
  3 rats
78 creatures vanquished.

Notes
Turn   | Place    | Note
--------------------------------------------------------------
     0 | D:1      | lorenzova, the Spriggan Enchanter, began the quest for the Orb.
     0 | D:1      | Reached XP level 1. HP: 9/9 MP: 4/4
   155 | D:1      | Reached XP level 2. HP: 7/13 MP: 8/8
   160 | D:1      | Learned a level 2 spell: Ensorcelled Hibernation
   735 | D:1      | Reached XP level 3. HP: 14/16 MP: 11/11
   853 | D:1      | Learned a level 3 spell: Confuse
  1173 | D:2      | Found an ancient bone altar of Kikubaaqudgha.
  1186 | D:2      | Found a white marble altar of Elyvilon.
  1217 | D:2      | Found an opulent altar of Gozag.
  1274 | D:2      | Found a white marble altar of Elyvilon.
  2074 | D:2      | Reached XP level 4. HP: 21/21 MP: 15/15
  2643 | D:3      | Reached skill level 5 in Hexes
  3015 | D:3      | Reached XP level 5. HP: 11/24 MP: 5/18
  3023 | D:3      | Reached skill level 5 in Spellcasting
  3214 | D:3      | Found a shadowy altar of Dithmenos.
  3464 | D:3      | Became a worshipper of Dithmenos the Shadowed
  3566 | D:3      | Noticed Robin
  3593 | D:3      | Killed Robin
  4277 | D:4      | HP: 1/24 [orc priest/nerve-wracking pain (11)]
  4277 | D:4      | Mangled by an orc

Action                   |  1- 3 |  4- 6 || total
-------------------------+-------+-------++-------
Melee: Dagger            |   118 |   124 ||   242
 Cast: Ensorcelled Hiber |     8 |    23 ||    31
       Confuse           |     1 |    18 ||    19
 Stab: Sleeping          |    13 |    20 ||    33
       Confused          |     1 |     7 ||     8
  Eat: Bread ration      |       |     1 ||     1
